[Event "3rd International Chess Festival Sport "]
[Site "Paracin"]
[Date "2010.07.10"]
[Round "3.3"]
[White "Lahiri Atanu"]
[Black "Kryakvin Dmitry"]
[Result "1/2-1/2"]
[ECO "A56"]
[WhiteElo "2353"]
[BlackElo "2603"]
[Annotator "Milojevic,Boban"]
[PlyCount "71"]
[EventDate "2010.??.??"]
[TimeControl "5400"]

1. d4 Nf6 2. c4 c5 3. d5 e5 4. Nc3 d6 5. e4 Be7 6. g3 O-O 7. Bg2 a6 8. Nge2
Nbd7 9. O-O Ne8 10. h3 g6 11. Bh6 Ng7 12. Qd2 Kh8 13. a4 Nf6 14. Nc1 Ng8 15.
Be3 f5 16. Nd3 Nf6 17. Kh2 fxe4 18. Nxe4 Nxe4 19. Bxe4 Bf5 20. Bg2 b5 21. axb5
axb5 22. Rxa8 Qxa8 23. Nxe5 Bf6 24. Ng4 Bxg4 25. hxg4 bxc4 26. g5 Bd8 27. Rc1
Ba5 28. Qe2 Nf5 29. Rxc4 Re8 30. Re4 Rxe4 31. Bxe4 Nxe3 32. Qxe3 Qe8 33. Qf4
Qe7 34. Bf3 Kg7 35. Bg4 Qf7 36. Qxf7+ 1/2-1/2

[Event "3rd International Chess Festival Sport "]
[Site "Paracin"]
[Date "2010.07.10"]
[Round "3.3"]
[White "Damljanovic Branko"]
[Black "Brankovic Dejan"]
[Result "1-0"]
[ECO "E92"]
[WhiteElo "2541"]
[BlackElo "2352"]
[Annotator "Milojevic,Boban"]
[PlyCount "71"]
[EventDate "2010.??.??"]
[TimeControl "5400"]

1. c4 Nf6 2. Nc3 g6 3. e4 d6 4. d4 Bg7 5. Nf3 O-O 6. Be2 e5 7. Be3 h6 8. O-O
Ng4 9. Bc1 Nc6 10. d5 Ne7 11. Ne1 f5 12. Bxg4 fxg4 13. Be3 g5 14. a4 Rf4 15. a5
Ng6 16. b4 a6 17. b5 Qe8 18. Qb1 Nh4 19. bxa6 bxa6 20. Ne2 Bd7 21. Ng3 Rb8 22.
Qc2 Rf8 23. Nd3 c6 24. dxc6 Bxc6 25. Rfb1 Qf7 26. Nb4 Rbc8 27. Qd3 h5 28. Nxc6
Rxc6 29. Rb6 Rxc4 30. Rxd6 Rd4 31. Bxd4 exd4 32. Rf1 Be5 33. Rxa6 Qf4 34. Qb3+
Kh7 35. Ra7+ Kh6 36. Qb7 1-0

[Event "3rd International Chess Festival Sport "]
[Site "Paracin"]
[Date "2010.07.10"]
[Round "3.3"]
[White "Abramovic Bosko"]
[Black "Pantelic Sasa"]
[Result "1-0"]
[ECO "E62"]
[WhiteElo "2491"]
[BlackElo "2335"]
[Annotator "Milojevic,Boban"]
[PlyCount "87"]
[EventDate "2010.??.??"]
[TimeControl "5400"]

1. d4 Nf6 2. c4 g6 3. Nc3 Bg7 4. g3 O-O 5. Bg2 d6 6. Nf3 Nc6 7. O-O Bg4 8. d5
Na5 9. b3 c5 10. dxc6 Nxc6 11. Be3 Qa5 12. Rc1 Qh5 13. Nd4 Bh3 14. f3 Ne5 15.
Bf2 Bxg2 16. Kxg2 Nc6 17. e4 Qa5 18. Qd2 Rac8 19. Rfd1 Rfe8 20. Qe2 a6 21. Nxc6
Rxc6 22. Nd5 Nxd5 23. exd5 Rc7 24. a4 Qb4 25. Qd3 Rec8 26. Be1 Qa3 27. Ba5 Rd7
28. Bb6 Re8 29. Rc2 e5 30. c5 f5 31. c6 Rde7 32. c7 Rc8 33. Rc4 h5 34. Qc2 Kh7
35. Re1 Bf6 36. a5 e4 37. fxe4 fxe4 38. Rcxe4 Rxe4 39. Rxe4 Qa1 40. Re6 h4 41.
gxh4 Kg7 42. Qf2 Be5 43. Re7+ Kh8 44. Qf7 1-0

[Event "3rd International Chess Festival Sport "]
[Site "Paracin"]
[Date "2010.07.10"]
[Round "3.3"]
[White "Savic Miodrag R"]
[Black "Bargan Sergei"]
[Result "1/2-1/2"]
[ECO "B22"]
[WhiteElo "2477"]
[BlackElo "2331"]
[Annotator "Milojevic,Boban"]
[PlyCount "101"]
[EventDate "2010.??.??"]
[TimeControl "5400"]

1. e4 c5 2. c3 g6 3. d4 cxd4 4. cxd4 d5 5. e5 Nc6 6. Nf3 Bg4 7. Bb5 Rc8 8. O-O
a6 9. Bxc6+ Rxc6 10. Nc3 e6 11. h3 Bxf3 12. Qxf3 Qh4 13. Be3 Ne7 14. Kh2 Nf5
15. Ne2 h5 16. Rac1 Qg4 17. Ng1 Rxc1 18. Rxc1 Kd7 19. Rc3 Be7 20. g3 Qxf3 21.
Nxf3 Rc8 22. Rxc8 Kxc8 23. Kg2 Kd7 24. Kf1 Bd8 25. Ke2 b5 26. Kd3 Ne7 27. Bg5
Nc6 28. Bxd8 Kxd8 29. a3 Ke7 30. Nd2 Kd7 31. f4 Na5 32. b3 Nc6 33. Nf3 Ke7 34.
Ne1 a5 35. Ke3 b4 36. a4 Nd8 37. Nd3 Nc6 38. Nc5 Nb8 39. Nb7 Nc6 40. Nd6 f5 41.
Nb7 Kd7 42. Nc5+ Ke7 43. Kd3 Nd8 44. Ke2 Nc6 45. Ke3 Nd8 46. Nd3 Nc6 47. Ne1
Nd8 48. Nf3 Nc6 49. Nh2 Nd8 50. Nf3 Nc6 51. Ng5 1/2-1/2

[Event "3rd International Chess Festival Sport "]
[Site "Paracin"]
[Date "2010.07.10"]
[Round "3.3"]
[White "Dochev Dimitar"]
[Black "Adnoy Hallvard V"]
[Result "1/2-1/2"]
[ECO "B06"]
[WhiteElo "2430"]
[BlackElo "2275"]
[Annotator "Milojevic,Boban"]
[PlyCount "94"]
[EventDate "2010.??.??"]
[TimeControl "5400"]

1. e4 g6 2. d4 Bg7 3. Nc3 a6 4. f4 b5 5. Be2 b4 6. Nd5 a5 7. a3 e6 8. Ne3 Bb7
9. Bf3 d6 10. Nh3 Nf6 11. Nf2 d5 12. e5 Ne4 13. O-O O-O 14. Nd3 Na6 15. Ng4 Qe7
16. Be3 Rfd8 17. axb4 Nxb4 18. Bxe4 dxe4 19. Nc5 Bc6 20. Nf2 Qxc5 21. dxc5 Rxd1
22. Nxd1 Nxc2 23. Rc1 Nb4 24. Nc3 f6 25. Ne2 Bb5 26. Rfe1 Nd3 27. Nd4 Nxc1 28.
Rxc1 Bd7 29. c6 Bc8 30. Nb5 fxe5 31. Nxc7 Rb8 32. Ne8 Rb3 33. Nxg7 Kxg7 34. Rc3
Rxc3 35. bxc3 exf4 36. Bxf4 Kf6 37. Kf2 e5 38. Bc1 Ke6 39. Ke3 Kd5 40. c7 Kd6
41. Ba3+ Kxc7 42. Kxe4 Bb7+ 43. Kxe5 Bxg2 44. Kd4 Kc6 45. c4 Bf3 46. h4 Bd1 47.
Bf8 h5 1/2-1/2

[Event "3rd International Chess Festival Sport "]
[Site "Paracin"]
[Date "2010.07.10"]
[Round "3.3"]
[White "Pancevski Filip"]
[Black "Popovic Aleksandar M"]
[Result "0-1"]
[ECO "C77"]
[WhiteElo "2402"]
[BlackElo "2244"]
[Annotator "Milojevic,Boban"]
[PlyCount "52"]
[EventDate "2010.??.??"]
[TimeControl "5400"]

1. e4 e5 2. Nf3 Nc6 3. Bb5 a6 4. Ba4 Nf6 5. d3 d6 6. c3 Be7 7. Nbd2 O-O 8. Nf1
b5 9. Bc2 d5 10. Ng3 dxe4 11. dxe4 Qxd1+ 12. Bxd1 Be6 13. h3 Rfd8 14. Bc2 a5
15. Nf5 Bf8 16. Ng5 Bc4 17. Ne3 Nb4 18. Bb3 Nd3+ 19. Kf1 Bxb3 20. axb3 Nc5 21.
Ke2 Nxb3 22. Rb1 h6 23. Nf3 Bd6 24. Nf5 Nxe4 25. Rd1 a4 26. Ke3 Bc5+ 0-1

[Event "3rd International Chess Festival Sport "]
[Site "Paracin"]
[Date "2010.07.10"]
[Round "3.3"]
[White "Strebkovs Andrejs"]
[Black "Kiroski Toni"]
[Result "1-0"]
[ECO "A81"]
[WhiteElo "2325"]
[BlackElo "2362"]
[Annotator "Milojevic,Boban"]
[PlyCount "123"]
[EventDate "2010.??.??"]
[TimeControl "5400"]

1. d4 d6 2. Nf3 f5 3. g3 g6 4. c3 Bg7 5. Bg2 Nf6 6. Qb3 c6 7. Nbd2 Qb6 8. Nc4
Qxb3 9. axb3 Na6 10. O-O O-O 11. Na5 Nc7 12. Nd2 d5 13. b4 Nd7 14. f4 Nb8 15.
Nf3 b6 16. Nb3 Nd7 17. Ne5 Nxe5 18. dxe5 Bb7 19. Be3 Nb5 20. Rfd1 Rfd8 21. h3
g5 22. Rac1 gxf4 23. gxf4 e6 24. c4 dxc4 25. Rxd8+ Rxd8 26. Rxc4 Bf8 27. Bxc6
Bxc6 28. Rxc6 Kf7 29. Rc4 Rd7 30. Kf2 Rc7 31. Rxc7+ Nxc7 32. Nd4 Nd5 33. Nc6 a6
34. Nb8 Nxb4 35. Bxb6 Nd5 36. Be3 a5 37. Nc6 a4 38. Bc1 Bc5+ 39. Kf3 Ke8 40. e4
fxe4+ 41. Kxe4 Nb6 42. Na5 Bb4 43. Nc6 Bc5 44. f5 exf5+ 45. Kxf5 Nc4 46. Ke4 a3
47. bxa3 Bxa3 48. Bxa3 Nxa3 49. Kf5 Nc4 50. Kf6 Nd2 51. h4 Kf8 52. e6 Ne4+ 53.
Ke5 Ng3 54. Nd4 Nh5 55. Nf5 Ke8 56. Kd6 Nf6 57. Ne3 Kf8 58. Nd5 Ne8+ 59. Kd7 h6
60. Ne3 Ng7 61. e7+ Kf7 62. Nf5 1-0